 Dungeon Crawl Stone Soup version 0.28-a0-664-gc179e30c89 (webtiles) character file.

Game seed: 2386508524195261762

23242 ytrimaz the Fencer (level 12, -4/110 HPs)
             Began as a Minotaur Fighter on Oct 16, 2021.
             Was an Elder of Okawaru.
             Slain by a phantasmal warrior (9 damage)
             ... created by the anger of Yredelemnul
             ... on level 10 of the Dungeon.
             The game lasted 00:21:36 (11183 turns).

ytrimaz the Fencer (Minotaur Fighter)              Turns: 11183, Time: 00:21:37

Health: -4/110     AC: 19    Str: 24    XL:     12   Next: 70%
Magic:  13/13      EV:  9    Int:  5    God:    Okawaru [****..]
Gold:   622        SH:  0    Dex: 10    Spells: 11/11 levels left

rFire   + . .      SeeInvis .   o - +5 triple sword (venom)
rCold   . . .      Faith    .   (shield currently unavailable)
rNeg    + . .      Spirit   .   w - +0 pearl dragon scales
rPois   .          Reflect  .   (helmet restricted)
rElec   .          Harm     .   (no cloak)
rCorr   .          Rampage  .   (no gloves)
Will    .....                   h - +0 pair of boots
Stlth   ..........              q - amulet of the acrobat
HPRegen 1.28/turn               j - +4 ring of protection
MPRegen 0.13/turn               p - ring of protection from fire

@: studying Slings
A: horns 2, retaliatory headbutt, regeneration 1, weak 1
a: Renounce Religion, Heroism, Finesse


You were on level 10 of the Dungeon.
You worshipped Okawaru.
Okawaru was greatly pleased with you.
You visited 2 branches of the dungeon, and saw 11 of its levels.
You also visited: Bailey.

You collected 622 gold pieces.

Inventory:

Hand Weapons
 o - a +5 triple sword of venom (weapon)
 x - a +1 flail of draining
Armour
 c - a +0 buckler
 h - a +0 pair of boots (worn)
 w - +0 pearl dragon scales (worn)
Jewellery
 j - a +4 ring of protection (left hand)
 k - a ring of ice
 p - a ring of protection from fire (right hand)
 q - an amulet of the acrobat (around neck)
 A - a ring of protection from cold
Wands
 a - a wand of polymorph (5)
 f - a wand of flame (46)
 v - a wand of iceblast (17)
 y - a wand of mindburst (19)
 C - a wand of acid (6)
Scrolls
 b - a scroll of fear
 s - 3 scrolls of vulnerability
Potions
 d - 3 potions of might
 e - 2 potions of resistance
 g - 2 potions of invisibility
 i - 4 potions of brilliance
 l - 3 potions of haste {unknown}
 m - 5 potions of heal wounds
 n - 2 potions of attraction {unknown}
 r - 3 potions of ambrosia {unknown}
 t - a potion of cancellation {unknown}
 u - 2 potions of lignification {unknown}
 z - 3 potions of curing {unknown}


   Skills:
 + Level 11.1 Fighting
 * Level 19.6 Long Blades
 - Level 4.2 Axes
 + Level 9.6 Armour
 - Level 4.0 Shields
 * Level 3.0 Invocations


You had 11 spell levels left.
You didn't know any spells.
Your spell library contained the following spells:

 Spells                   Type           Power      Damage    Failure   Level
 Scorch                   Fire           0%         2d5       89%         2
 Static Discharge         Conj/Air       0%         N/A       89%         2
 Dispel Undead            Necr           0%         3d6       100%        4
 Flame Wave               Conj/Fire      0%         3d3       100%        4
 Hailstorm                Conj/Ice       0%         3d3       100%        4
 Ice Form                 Ice/Tmut       0%         N/A       100%        4
 Sticky Flame             Conj/Fire      0%         2d3       100%        4
 Simulacrum               Ice/Necr       Unusable   N/A       N/A         6
 Summon Cactus Giant      Summ           Unusable   N/A       N/A         6

Dungeon Overview and Level Annotations

Branches:
Dungeon (10/15)            Temple (1/1) D:7            Lair (0/6) D:8
 Bailey (visited)
    Orc: D:9-12

Altars:
Ashenzari
Cheibriados
Dithmenos
Elyvilon
Fedhas
Gozag
Hepliaklqana
Kikubaaqudgha
Makhleb
Nemelex Xobeh
Okawaru
Qazlal
Ru
Sif Muna
Trog
Uskayaw
Vehumet
Wu Jian
Xom
Yredelemnul
Zin
The Shining One
Lugonu

Shops:
D:5 [[[

Annotations:
D:8 2 transporters


Innate Abilities, Weirdness & Mutations

You have a pair of horns on your head.
You reflexively headbutt those who attack you in melee.
Your natural rate of healing is unusually fast.
You are weak. (Str -2)


Message History

The phantasmal warrior barely misses you.
Your pearl dragon scales prevents you from hitting the skeletal warrior.
You headbutt the skeletal warrior, but do no damage.
The skeletal warrior is severely damaged.
The phantasmal warrior gestures at you.
The phantasmal warrior blinks!
The skeletal warrior hits you but does no damage.
Unknown command.
You slice the skeletal warrior!!
You destroy the skeletal warrior!
That felt strangely unrewarding.
The phantasmal warrior closely misses you.
You slice the phantasmal warrior!!
Your headbutt misses the phantasmal warrior.
The phantasmal warrior is severely damaged.
The phantasmal warrior gestures at you.
The phantasmal warrior blinks!
The phantasmal warrior hits you!!
* * * LOW HITPOINT WARNING * * *
Unknown command.
You slash the phantasmal warrior!
Your headbutt misses the phantasmal warrior.
The phantasmal warrior is almost destroyed.
The phantasmal warrior gestures at you.
The phantasmal warrior blinks!
The phantasmal warrior hits you but does no damage.
You hit the phantasmal warrior.
Your headbutt misses the phantasmal warrior.
The phantasmal warrior is almost destroyed.
The phantasmal warrior gestures at you.
The phantasmal warrior blinks!
The phantasmal warrior hits you!
* * * LOW HITPOINT WARNING * * *
Unknown command.
You barely miss the phantasmal warrior.
The phantasmal warrior is almost destroyed.
The phantasmal warrior hits you!
* * * LOW HITPOINT WARNING * * *
You slice the phantasmal warrior!!
You destroy the phantasmal warrior!
That felt strangely unrewarding.
The phantasmal warrior hits you!
You die...

#......#.......#####....##.# #.
#.#....#.#####..........##.# #.
#.#.####.## ##.##.......##.# #.
#...#.....# #...#.......##.######
#####.#######..##................
....#.#.......###.......##.######
....#.#.#########.).....##.#
#...#.#.# #...)....####.#
##.)#...# #..@.....# #.#
##..#.### #..W.....####.# ###.#.#
#....§........# # #.#.#
#####.............# # #.#.#
#.................# ###.#.#
#.####.####.[.....# )...#.#
#.##.....##....##.# †.....#
#.#.......#..#.##.# ....###
#.#.......#..#.##.#


You could see a phantasmal warrior.

Vanquished Creatures
  Snorg (D:10)
  The ghost of rustyseabutter the Protected, a journeyman MiFi of Okawaru (D:10)
  Erolcha (D:9)
  2 two-headed ogres
  2 skeletal warriors (D:10)
  3 phantasmal warriors
  A cyclops (D:10)
  A centaur skeleton (D:8)
  A kobold demonologist (D:10)
  Maggie (D:9)
  A troll (D:10)
  A hornet (D:9)
  3 slime creatures
  6 flying skulls
  A shadow (D:10)
  3 wyverns
  A vampire (Bailey)
  5 wraiths
  12 yaks
  Grum (D:10)
  Menkaure (D:5)
  2 vampire mosquitoes (D:5)
  3 water moccasins
  2 acid dragons (D:10)
  An ice beast (D:8)
  15 orc warriors
  4 wolves (D:10)
  An ogre (D:6)
  13 centaurs
  12 kobold brigands
  10 bullfrogs
  A wyvern zombie (D:6)
  3 scorpions
  9 killer bees
  5 wights (D:8)
  7 howler monkeys
  2 jellies
  A bullfrog zombie (D:6)
  6 centaur zombies
  A bullfrog skeleton (D:6)
  2 hounds
  6 orc priests
  2 gnoll shamans (D:7)
  7 iguanas
  8 orc wizards
  4 hound zombies (D:5)
  A hound skeleton (D:5)
  3 howler monkey zombies
  5 gnolls
  10 adders
  A shadow imp (D:6)
  4 white imps
  3 ufetubi
  An adder zombie (D:5)
  A worm (D:3)
  3 dart slugs
  64 orcs
  9 endoplasms
  A giant cockroach (D:2)
  9 goblins
  12 hobgoblins
  4 jackals (D:5)
  16 kobolds
  3 quokkas (D:1)
  5 ball pythons
  7 bats
  2 frilled lizards
  A quokka skeleton (D:4)
  A rat (D:3)
342 creatures vanquished.

Vanquished Creatures (others)
  8 fungi
  15 plants
23 creatures vanquished.

Grand Total: 365 creatures vanquished

Notes
Turn   | Place    | Note
-------+----------+-------------------------------------------
     0 | D:1      | ytrimaz the Minotaur Fighter began the quest for the Orb.
     0 | D:1      | Reached XP level 1. HP: 19/19 MP: 0/0
   240 | D:1      | Reached XP level 2. HP: 27/27 MP: 1/1
   444 | D:1      | Found a faded altar of an unknown god.
   775 | D:1      | Reached XP level 3. HP: 33/33 MP: 2/2
  1400 | D:2      | Found a sacrificial altar of Ru.
  2108 | D:3      | Reached XP level 4. HP: 40/40 MP: 3/3
  2262 | D:3      | Found a snail-covered altar of Cheibriados.
  2331 | D:3      | Found a glowing golden altar of the Shining One.
  2765 | D:3      | Identified a scroll of acquirement
  2765 | D:3      | Acquired a +4 triple sword of venom
  2783 | D:4      | Noticed a scorpion
  2789 | D:4      | Killed a scorpion
  2790 | D:4      | Reached skill level 1 in Long Blades
  2790 | D:4      | Reached skill level 5 in Armour
  2790 | D:4      | Reached XP level 5. HP: 45/47 MP: 4/4
  2906 | D:4      | Reached skill level 2 in Long Blades
  3218 | D:4      | Reached skill level 5 in Fighting
  3218 | D:4      | Reached XP level 6. HP: 52/56 MP: 5/5
  3220 | D:4      | Reached skill level 3 in Long Blades
  3424 | D:4      | Found a bloodstained altar of Trog.
  3467 | D:4      | Reached skill level 4 in Long Blades
  3467 | D:4      | Found a burning altar of Makhleb.
  3793 | D:5      | Entered Level 5 of the Dungeon
  3820 | D:5      | Found an ancient bone altar of Kikubaaqudgha.
  3878 | D:5      | Noticed a vampire mosquito
  3879 | D:5      | Noticed a vampire mosquito
  3883 | D:5      | Killed a vampire mosquito
  3884 | D:5      | Reached skill level 5 in Long Blades
  3884 | D:5      | Reached XP level 7. HP: 44/61 MP: 6/6
  3884 | D:5      | Killed a vampire mosquito
  3983 | D:5      | Found Pimoepov's Armour Boutique.
  4013 | D:5      | Found Siann's Antique Armour Shoppe.
  4162 | D:5      | Reached skill level 6 in Long Blades
  4294 | D:5      | Found a basalt altar of Yredelemnul.
  4415 | D:5      | Found Ragiu's Armour Boutique.
  4499 | D:5      | Noticed Menkaure
  4504 | D:5      | Killed Menkaure
  4505 | D:5      | Reached skill level 7 in Long Blades
  4505 | D:5      | Reached XP level 8. HP: 70/70 MP: 7/7
  5087 | D:6      | Reached skill level 8 in Long Blades
  5212 | D:6      | Reached skill level 9 in Long Blades
  5256 | D:6      | Reached skill level 10 in Long Blades
  5395 | D:6      | Reached XP level 9. HP: 34/78 MP: 8/8
  5762 | D:6      | Found an opulent altar of Gozag.
  5782 | D:6      | Reached skill level 11 in Long Blades
  5931 | D:6      | Found a sparkling altar of Nemelex Xobeh.
  6228 | D:7      | Reached skill level 12 in Long Blades
  6806 | D:7      | Reached skill level 13 in Long Blades
  7067 | D:7      | Found a staircase to the Ecumenical Temple.
  7078 | Temple   | Entered the Ecumenical Temple
  7422 | D:7      | Reached XP level 10. HP: 81/86 MP: 9/9
  7548 | D:1      | Prayed at the altar of an unknown god.
  7548 | D:1      | Became a worshipper of Yredelemnul the Dark
  7548 | D:1      | Reached * piety under Yredelemnul
  7702 | Temple   | Fell from the grace of Yredelemnul
  7702 | Temple   | Became a worshipper of Warmaster Okawaru
  7730 | Temple   | Gained mutation: Your body sometimes deteriorates upon
                  | taking damage. [potion of mutation]
  7730 | Temple   | Gained mutation: You sometimes lose the ability to read
                  | scrolls when taking damage. [potion of mutation]
  7731 | Temple   | Lost mutation: You sometimes lose the ability to read
                  | scrolls when taking damage. [potion of mutation]
  7731 | Temple   | Lost mutation: Your body sometimes deteriorates upon taking
                  | damage. [potion of mutation]
  7731 | Temple   | Gained mutation: You are partially covered in iridescent
                  | scales. (AC +2) [potion of mutation]
  7731 | Temple   | Gained mutation: You passively map a small area around you.
                  | [potion of mutation]
  7731 | Temple   | Gained mutation: Your body sometimes deteriorates upon
                  | taking damage. [potion of mutation]
  7731 | Temple   | Gained mutation: Your natural rate of healing is unusually
                  | fast. [potion of mutation]
  7732 | Temple   | Lost mutation: You are partially covered in iridescent
                  | scales. (AC +2) [potion of mutation]
  7732 | Temple   | Lost mutation: You passively map a small area around you.
                  | [potion of mutation]
  7732 | Temple   | Gained mutation: Your mind is acute. (Int +2) [potion of
                  | mutation]
  7733 | Temple   | Lost mutation: Your mind is acute. (Int +2) [potion of
                  | mutation]
  7733 | Temple   | Lost mutation: Your body sometimes deteriorates upon taking
                  | damage. [potion of mutation]
  7733 | Temple   | Gained mutation: You are weak. (Str -2) [potion of
                  | mutation]
  8154 | D:8      | Reached skill level 14 in Long Blades
  8197 | D:8      | Found a staircase to the Lair.
  8298 | D:8      | Found a transporter.
  8300 | D:8      | Found a transporter.
  8301 | D:8      | Noticed a brown ugly thing
  8301 | D:8      | Noticed a brown ugly thing
  8301 | D:8      | Noticed a brown ugly thing
  8302 | D:8      | Found a corrupted altar of Lugonu.
  8671 | D:8      | Reached * piety under Okawaru
  8910 | D:8      | Noticed a two-headed ogre
  8915 | D:8      | Killed a two-headed ogre
  9128 | D:9      | Reached skill level 15 in Long Blades
  9142 | D:9      | Found an ornate altar of the Wu Jian Council.
  9149 | D:9      | Found a shimmering altar of Xom.
  9185 | D:9      | Noticed Maggie
  9195 | D:9      | Killed Maggie
  9318 | D:9      | Found a sacrificial altar of Ru.
  9375 | D:9      | Found a flagged portal.
  9387 | Bailey   | Entered a bailey
  9545 | Bailey   | Reached ** piety under Okawaru
  9589 | Bailey   | Noticed a phantasmal warrior
  9590 | Bailey   | Killed a phantasmal warrior
  9754 | Bailey   | Reached skill level 16 in Long Blades
  9791 | Bailey   | Reached skill level 10 in Fighting
  9791 | Bailey   | Reached skill level 17 in Long Blades
  9791 | Bailey   | Reached XP level 11. HP: 101/101 MP: 10/10
  9833 | Bailey   | Reached XP level 12. HP: 107/107 MP: 11/11
 10179 | D:9      | Noticed Erolcha
 10183 | D:9      | Killed Erolcha
 10183 | D:9      | Reached *** piety under Okawaru
 10184 | D:9      | Reached skill level 18 in Long Blades
 10341 | D:10     | Entered Level 10 of the Dungeon
 10343 | D:10     | Noticed a two-headed ogre
 10345 | D:10     | Killed a two-headed ogre
 10346 | D:10     | Reached skill level 1 in Invocations
 10441 | D:10     | Noticed Snorg
 10447 | D:10     | Killed Snorg
 10447 | D:10     | Reached **** piety under Okawaru
 10516 | D:10     | Found a runed translucent gate.
 10536 | D:10     | Reached skill level 19 in Long Blades
 10617 | D:10     | Found a broken altar of Ashenzari.
 10623 | D:10     | Identified the +0 leather armour of Beogh's Pride {rCorr
                  | Str+3 Int+3}
 10641 | D:10     | Noticed Grum
 10649 | D:10     | Killed Grum
 10745 | D:10     | Found a runed translucent gate.
 10746 | D:10     | Found a runed translucent gate.
 10750 | D:10     | Noticed rustyseabutter's ghost (journeyman MiFi)
 10776 | D:10     | Killed rustyseabutter's ghost
 11182 | D:10     | HP: 3/110 [phantasmal warrior[the anger of Yredelemnul]
                  | (11)]
 11183 | D:10     | Slain by a phantasmal warrior

Illustrated notes

Levels and vault maps discovered:
D:1:      dpeg_arrival_morbid_curiosity, layout_basic, serial_corexii_hall,
          chequers_hall_statues_y, chequers_hall_statues_y,
          basic_ecumenical_altar
D:2:      layout_loops_cross, basic_altar, dk_vineyard_3
D:3:      layout_basic, cheibriados_altar_1, lemuel_tele_altar
D:4:      layout_rooms, trog_hazing_becter, bloody_makhleb
D:5:      layout_basic, mainiacjoe_overflow_24_doors,
          nicolae_yredelemnul_corpse_copse, serial_shops, shop, shop,
          nicolae_shop_stone, chequers_serial_rivers_micro_d, uniq_menkaure
D:6:      layout_rooms, mainiacjoe_overflow_surrounded_room,
          lemuel_doored_altar, minmay_pentangle
D:7:      layout_cave_pools, minmay_temple_entry_sparse_star,
          minmay_diced_spiral
D:8:      gammafunk_corrupted_shrine, layout_basic,
          grunt_lair_entry_orc_guard_hut
D:9:      layout_roguey, lemuel_round_altar,
          mainiacjoe_overflow_large_starburst, enter_bailey_4, uniq_maggie,
          uniq_erolcha
D:10:     minmay_recursive_quarters, layout_basic, old_standard_altar,
          gammafunk_ghost_nasty_kobolds, uniq_snorg, uniq_grum
Temple:   dpeg_chambers_temple

Skill      XL: |  1  2  3  4  5  6  7  8  9 10 11 12 |
---------------+-------------------------------------+-----
Armour         | 4 5 6 7 8 9 |  9.6
Fighting       | 4 5 6 7 10 11 | 11.1
Shields        | 4 |  4.0
Axes           | 3 4 |  4.2
Long Blades    | 1 2 5 7 10 13 17 19 | 19.6
Invocations    | 3 |  3.0

Action                   |  1- 3 |  4- 6 |  7- 9 | 10-12 || total
-------------------------+-------+-------+-------+-------++-------
Melee: War axe           |    80 |    32 |       |       ||   112
       Headbutt          |     9 |    13 |    35 |    63 ||   120
       Triple sword      |       |    62 |   164 |   367 ||   593
Invok: Heroism           |       |       |       |     4 ||     4
  Use: Scroll            |     2 |     1 |     3 |     7 ||    13
       Potion            |       |       |       |     5 ||     5
Armor: Scale mail        |    44 |    87 |    51 |       ||   182
       Chain mail        |       |       |    30 |       ||    30
       Pearl dragon scal |       |       |    59 |   260 ||   319
Dodge: Dodged            |    50 |    96 |   183 |   398 ||   727
Block: Buckler           |    27 |     7 |       |       ||    34

Table legend: (Time is in decaauts)
 A = Elapsed time spent in this place.
 B = Non-inter-level travel time spent in this place.
 C = Inter-level travel time spent in this place.
 D = Time resting spent in this place.
 E = Time spent auto-exploring this place.
 F = Levels seen in this place.
 G = Mean time per level.
                   A        B        C        D        E       F      G
               +--------+--------+--------+--------+--------+-----+--------+
         Total |  11337 |  10669 |    668 |   1345 |   6544 |  12 |  944.8 |
       Dungeon |  10411 |   9800 |    611 |   1217 |   6255 |  10 | 1041.1 |
        Temple |    359 |    303 |     56 |     78 |    200 |   1 |  359.0 |
        Bailey |    566 |    566 |      0 |     50 |     89 |   1 |  566.0 |
               +--------+--------+--------+--------+--------+-----+--------+

Top non-repeatable levels by time:
     D:6: 1373 daAuts
     D:1: 1359 daAuts
     D:5: 1295 daAuts
     D:4: 1118 daAuts
     D:8: 1074 daAuts
     D:7: 1067 daAuts
    D:10: 825 daAuts
     D:2: 791 daAuts
     D:9: 764 daAuts
     D:3: 740 daAuts
  Bailey: 566 daAuts
  Temple: 359 daAuts
